 Dungeon Crawl Stone Soup version 0.19.4-8-ga85b6b9 (webtiles) character file.

163 Naow the Shield-Bearer (level 5, 0/41 HPs)
             Began as a Formicid Fighter on Feb 11, 2017.
             Killed from afar by an orc wizard (8 damage)
             ... with a puff of frost
             ... on level 4 of the Dungeon.
             The game lasted 00:03:00 (2501 turns).

Naow the Shield-Bearer (Formicid Fighter)           Turns: 2501, Time: 00:03:00

Health: 0/41       AC:  6    Str: 26    XL:     5   Next: 72%
Magic:  5/5        EV:  8    Int:  8    God:
Gold:   173        SH: 10    Dex: 10    Spells: 0 memorised, 4 levels left

rFire  . . .     SeeInvis +     a - +0 war axe
rCold  . . .     Gourm    .     b - +0 scale mail
rNeg   . . .     Faith    .     c - +0 shield
rPois  .         Spirit   .     (helmet unavailable)
rElec  .         Reflect  .     (no cloak)
rCorr  .         Harm     .     (no gloves)
MR     .....                    (no boots)
Stlth  ..........               (no amulet)
                                (no ring)
                                (no ring)

@: mighty
A: permanent stasis, dig shafts and tunnels, four strong arms, antennae 3
a: Dig, Shaft Self


You were on level 4 of the Dungeon.
You were not hungry.

You visited 1 branch of the dungeon, and saw 4 of its levels.

You collected 173 gold pieces.

Inventory:

Hand Weapons
 a - a +0 war axe (weapon)
Armour
 b - a +0 scale mail (worn)
 c - a +0 shield (worn)
Jewellery
 i - a +5 ring of intelligence {unknown}
 j - an uncursed amulet of faith {unknown}
Wands
 w - a wand of enslavement (8/24)
Scrolls
 h - 3 scrolls of identify {unknown}
 l - a scroll of enchant armour {unknown}
 o - 2 scrolls of remove curse {unknown}
 p - a scroll of magic mapping {unknown}
 r - a scroll of noise {unknown}
 s - a scroll of fear {unknown}
 t - a scroll of blinking {unknown}
 y - a scroll of recharging {unknown}
Potions
 e - 3 potions of lignification {unknown}
 n - 2 potions of curing {unknown}
 u - a potion of flight {unknown}
 v - a potion of haste {unknown}
 x - a potion of mutation {unknown}
Comestibles
 f - 4 bread rations
 g - 5 chunks of flesh
 k - 2 meat rations
 m - a beef jerky
 q - 3 fruits


   Skills:
 - Level 3.2 Fighting
 * Level 4.6 Axes
 - Level 3.2 Armour
 + Level 5.0 Shields


You had 4 spell levels left.
You didn't know any spells.

Dungeon Overview and Level Annotations

Branches:
Dungeon (4/15)
 Temple: D:4-7

Altars:

Shops:
D:4 }


Innate Abilities, Weirdness & Mutations

You are under a permanent stasis effect.
You can dig through walls and to a lower floor.
Your four strong arms can wield two-handed weapons with a shield.
You have a pair of large antennae on your head. (SInv)


Message History

You block the orc's attack.
The orc wizard casts a spell.
The orc wizard seems to speed up.
The orc wizard hits you but does no damage.
You closely miss the orc wizard.
The orc wizard is severely wounded.
The orc wizard looks braver for a moment.
The orc closely misses you. The orc wizard hits you with a dagger.
You slash the orc wizard!
You kill the orc wizard!
Your Shields skill increases to level 5!
You block the orc's attack.
The orc wizard gestures at you while chanting.
The puff of frost hits you!
* * * LOW HITPOINT WARNING * * *
The orc hits you but does no damage.
You barely miss the orc wizard. The orc wizard casts a spell at you.
The puff of frost hits you!
You die...

.###.##..#.###.# # #.#.#####
.....##.∩#.# ### #####.#.#
.........#.# ..# ........#####
#...###.##.## #.# ..####........
............####.##. #########
######..##)........
........##...>..oo
######.###.#####o# #.###.## #@#
.#####.##...####.# ##############
.................# #.............
.#####.#.....#######.############
#................# #..
###........####...######## #.#
#..........####..........####.#
#.................######.##....
#.......########### #.##....


You could see an orc wizard (invisible) and 2 orcs.

Vanquished Creatures
  The ghost of Amadiro the Chiller, a weakling HuIE (D:3)
  An orc wizard (D:4)
  2 adders
  2 worms
  4 dart slugs
  3 leopard geckos
  2 giant cockroaches
  7 hobgoblins
  9 kobolds
  A quokka (D:2)
  2 ball pythons (D:3)
  11 bats
  5 frilled lizards
  6 goblins
  A jackal skeleton (D:4)
  A leopard gecko skeleton (D:4)
  6 rats
64 creatures vanquished.

Notes
Turn   | Place    | Note
-------+----------+-------------------------------------------
     0 | D:1      | Naow the Formicid Fighter began the quest for the Orb.
     0 | D:1      | Reached XP level 1. HP: 18/18 MP: 1/1
     2 | D:1      | Noticed a naga
     2 | D:1      | Noticed an octopode
     4 | D:1      | Noticed a vine stalker
     4 | D:1      | Noticed a draconian
     6 | D:1      | Noticed a tengu
     6 | D:1      | Noticed a vampire
     8 | D:1      | Noticed a minotaur
    10 | D:1      | Noticed an elf
    10 | D:1      | Noticed a troll
    12 | D:1      | Noticed a dwarf
    12 | D:1      | Noticed a human
    14 | D:1      | Noticed an ogre
    14 | D:1      | Noticed a demigod
    16 | D:1      | Noticed a demonspawn
    18 | D:1      | Noticed a felid
    18 | D:1      | Noticed a halfling
    20 | D:1      | Noticed a merfolk
    22 | D:1      | Noticed a ghoul
    22 | D:1      | Noticed a centaur
    24 | D:1      | Noticed a spriggan
    24 | D:1      | Noticed a formicid
    26 | D:1      | Noticed a gargoyle
   135 | D:1      | Reached XP level 2. HP: 23/24 MP: 2/2
   338 | D:1      | Reached XP level 3. HP: 25/29 MP: 3/3
   656 | D:2      | Reached skill level 4 in Shields
   870 | D:2      | You fall through a shaft!
  1218 | D:2      | Reached XP level 4. HP: 34/35 MP: 4/4
  1630 | D:3      | Noticed Amadiro's ghost (weakling HuIE)
  1647 | D:3      | Killed Amadiro's ghost
  1647 | D:3      | Reached XP level 5. HP: 19/41 MP: 5/5
  2388 | D:4      | Found Rexem's Gadget Shop.
  2500 | D:4      | Reached skill level 5 in Shields
  2501 | D:4      | Killed from afar by an orc wizard

Skill      XL: |  1  2  3  4  5 |
---------------+----------------+-----
Axes           | 3 4 |  4.6
Shields        | 4 5 |  5.0
Fighting       | |  3.2
Armour         | |  3.2

Action                   |  1- 3 |  4- 6 || total
-------------------------+-------+-------++-------
Melee: War axe           |    99 |    95 ||   194
  Use: Potion            |       |     1 ||     1
  Eat: Chunk             |     1 |     4 ||     5
Armor: Scale mail        |    39 |    43 ||    82
Dodge: Dodged            |    25 |    28 ||    53
Block: Shield            |    76 |    44 ||   120
